 Dungeon Crawl Stone Soup version 0.31-a0-268-g4392ee761c (webtiles) character file.

Game seed: 2204915334206348421

207 qw the Shooter (level 5, -6/45 HPs)
             Began as a Minotaur Hexslinger on July 14, 2023.
             Was an Initiate of Okawaru.
             Mangled by an orc
             ... wielding a +0 flail
              (7 damage)
             ... on level 4 of the Dungeon.
             The game lasted 00:00:59 (2734 turns).

qw the Shooter (Minotaur Hexslinger)                Turns: 2734, Time: 00:01:00

Health: -6/45      AC:  5    Str: 12    XL:     5   Next: 54%
Magic:  5/5        EV: 11    Int: 10    God:    Okawaru [......]
Gold:   184        SH:  0    Dex: 21    Spells: 5/6 levels left

rFire   . . .        Y - +2 sling (drain)
rCold   . . .        (no shield)
rNeg    . . .        j - +0 ring mail
rPois   .            (helmet restricted)
rElec   .            (no cloak)
rCorr   .            (no gloves)
SInv    .            (no boots)
Will    .....        (no amulet)
Stlth   +            b - +6 ring of dexterity
HPRegen 0.27/turn    (no ring)
MPRegen 0.09/turn

%: no passive effects
@: no status effects
A: horns 2, retaliatory headbutt
a: Renounce Religion


You were on level 4 of the Dungeon.
You worshipped Okawaru.
Okawaru was noncommittal.
You visited 1 branch of the dungeon, and saw 4 of its levels.

You collected 184 gold pieces.


Innate Abilities, Weirdness & Mutations

You have a pair of horns on your head.
You reflexively headbutt those who attack you in melee.


   Skills:
 - Level 3.1 Fighting
 + Level 5.6 Ranged Weapons
 - Level 1.1 Armour
 - Level 2.1 Dodging
 - Level 1.0 Spellcasting
 - Level 2.0 Hexes


You had 5 spell levels left.
You knew the following spells:

 Your Spells              Type           Power      Damage    Failure   Level
a - Slow                  Hex            16%        N/A       34%         1

Your spell library contained the following spells:

 Spells                   Type           Power      Damage    Failure   Level
 Inner Flame              Hex/Fire       2%         N/A       83%         3
 Portal Projectile        Hex/Tloc       4%         N/A       83%         3
 Cause Fear               Hex            2%         N/A       98%         4

Inventory:

Hand Weapons
 Y - a +2 sling of draining (weapon)
Armour
 j - a +0 ring mail (worn)
Jewellery
 b - a +6 ring of dexterity (left hand)
 c - a ring of fire
Scrolls
 a - a scroll of identify
 d - 2 scrolls of teleportation
Potions
 e - 2 potions of curing {unknown}
 f - a potion of brilliance {unknown}
 g - a potion of degeneration {unknown}
 h - a potion of mutation {unknown}
 k - a potion of might {unknown}

Dungeon Overview and Level Annotations

Branches:
Dungeon (4/15)
 Temple: D:4-7

Altars:
Dithmenos
Okawaru
Zin


Message History

An orc comes into view. It is wielding a +0 dagger.
The orc shouts!
Something hits you.
You feel less confused.
An orc comes into view. It is wielding a +0 club.
The orc priest mumbles some strange prayers to Beogh against you.
Beogh smites you! Something hits you.
2721 ||| FLEEEEING.
2722 ||| FLEEEEING.
2723 ||| FLEEEEING.
Something hits you but does no damage.
2724 ||| FLEEEEING.
Enter note:
Enter note:
Enter note:
Enter note:
2725 ||| FLEEEEING.
The orc priest begins to cast a cantrip, but forgets the words!
2726 ||| FLEEEEING.
You hear some strange, mumbled words.
A puff of flame appears from out of thin air!
The puff of flame misses you.
2727 ||| FLEEEEING.
You hear some strange, mumbled words.
You are confused.
The orc shouts!
The orc priest miscasts a cantrip.
A puff of flame appears from out of thin air!
The puff of flame hits you! The orc closely misses you.
You feel less confused. The orc hits you with a +0 flail!
Something hits you but does no damage.
You shoot a sling bullet. The sling bullet barely misses the orc.
The orc misses you. Something hits you.
You shoot a sling bullet. The sling bullet hits the orc priest.
You drain the orc priest.
The orc priest is moderately wounded.
The orc closely misses you.
The orc priest mumbles some strange prayers to Beogh against you.
Beogh smites you! Something hits you. The orc hits you with a +0 flail!
You die...

#.#.#.#.#.#####.###.#.......
#...#.#.#.# #..##.........
#.......#.# #..##.#####...
#.#...###.#####.....#
#.#...........#.#...####
#.#.............o......#
#.#.........?..o.......#
#.#..........{o..........
#.#..........@o#######.#.#
####.#..........###.....###
#
.....#.........##.........##
#....#.........#..#....(#..#
#....###.###.###..#.._..#..#
#....# #.# #.# #..##...##..#
##.#.# #.###.###...#...#...#
#.#.# #..<)...##..##.##..##
#.#[# #........#...###...#


You could see an orc priest (very drained) and 3 orcs.

Vanquished Creatures
  Jessica (D:3)
  Ijyb (D:3)
  4 gnolls (D:4)
  4 adders
  A worm (D:2)
  3 dart slugs
  An orc (D:3)
  7 bats
  8 endoplasms
  7 giant cockroaches
  6 goblins
  6 hobgoblins
  2 quokkas (D:2)
  4 ball pythons
  7 frilled lizards
  6 kobolds
  6 rats
74 creatures vanquished.

Notes
Turn   | Place    | Note
-------+----------+-------------------------------------------
     0 | D:1      | qw the Minotaur Hexslinger began the quest for the Orb.
     0 | D:1      | Reached XP level 1. HP: 16/16 MP: 1/1
     0 | D:1      | 0 ||| qw: Version: 0.3-a-52-g30416fa
     0 | D:1      | 0 ||| qw: Game counter: 7937
     0 | D:1      | 0 ||| qw: Melee chars always use a shield: true
     0 | D:1      | 0 ||| qw: God list: Okawaru
     0 | D:1      | 0 ||| qw: Allow faded altars: false
     0 | D:1      | 0 ||| qw: Do Orc after clearing Dungeon:15 true
     0 | D:1      | 0 ||| qw: Do second Lair branch before Depths: true
     0 | D:1      | 0 ||| qw: Lair rune preference: random
     0 | D:1      | 0 ||| qw: Goals: Normal
     0 | D:1      | 0 ||| PLANNING D:1-11
    89 | D:1      | Reached skill level 3 in Ranged Weapons
    93 | D:1      | Reached XP level 2. HP: 23/23 MP: 2/2
   475 | D:1      | Reached XP level 3. HP: 29/29 MP: 3/3
   713 | D:1      | 713 ||| UPGRADING to +0 ring mail.
   723 | D:1      | 723 ||| DROPPING +0 robe.
   724 | D:1      | 724 ||| READING scroll labelled KAOHUPS RIPS.
   727 | D:1      | 727 ||| READING 2 scrolls labelled YPAUFE PUMAOLE.
   728 | D:1      | 728 ||| READING scroll of brand weapon.
   728 | D:1      | 728 ||| BRANDING +1 sling of freezing.
   729 | D:1      | 729 ||| READING scroll labelled QUGHI SAPULU.
   730 | D:1      | 730 ||| DROPPING scroll of poison.
   979 | D:2      | Reached skill level 4 in Ranged Weapons
  1050 | D:2      | Reached skill level 1 in Armour
  1138 | D:2      | 1138 ||| FLEEEEING.
  1304 | D:2      | Reached XP level 4. HP: 36/36 MP: 4/4
  1486 | D:2      | 1486 ||| READING 2 scrolls labelled DUKHUDD ZICIVI.
  1487 | D:2      | 1487 ||| READING scroll labelled WETAKL FOXIWNY.
  1756 | D:3      | Noticed Ijyb
  1775 | D:3      | Killed Ijyb
  1776 | D:3      | Reached skill level 5 in Ranged Weapons
  1825 | D:3      | Noticed Jessica
  1829 | D:3      | Killed Jessica
  1830 | D:3      | Reached XP level 5. HP: 32/44 MP: 5/5
  1907 | D:3      | Reached skill level 3 in Fighting
  2175 | D:3      | Found a glowing silver altar of Zin.
  2175 | D:3      | Noticed an angel
  2234 | D:3      | Found a faded altar of an unknown god.
  2235 | D:3      | 2235 ||| UPGRADING to +6 ring of dexterity.
  2236 | D:3      | 2236 ||| READING scroll labelled TYNWUKHOUH.
  2604 | D:4      | Found a shadowy altar of Dithmenos.
  2634 | D:4      | Found an iron altar of Okawaru.
  2635 | D:4      | 2635 ||| PLANNING OKAWARU WORSHIP
  2635 | D:4      | 2635 ||| DRINKING 2 orange potions.
  2664 | D:4      | 2664 ||| DROPPING potion of lignification.
  2669 | D:4      | Became a worshipper of Warmaster Okawaru
  2670 | D:4      | 2670 ||| PLANNING D:1-11
  2721 | D:4      | 2721 ||| FLEEEEING.
  2722 | D:4      | 2722 ||| FLEEEEING.
  2723 | D:4      | 2723 ||| FLEEEEING.
  2724 | D:4      | 2724 ||| FLEEEEING.
  2725 | D:4      | 2725 ||| FLEEEEING.
  2726 | D:4      | 2726 ||| FLEEEEING.
  2727 | D:4      | 2727 ||| FLEEEEING.
  2734 | D:4      | HP: 3/45 [orc priest/divine providence (11)]
  2734 | D:4      | HP: 1/45 [something (2)]
  2734 | D:4      | Mangled by an orc

Levels and vault maps discovered:
D:1:      dreamdust_arrival_beginning_and_end, layout_loops_ring
D:2:      layout_basic, amcnicky_mini_pool_small
D:3:      layout_basic, zin_angel, shapermc_ecumenical_altar_mp_urbaneastern,
          uniq_jessica, uniq_ijyb
D:4:      layout_basic, mainiacjoe_overflow_two_lobes, xom_redecorated,
          minmay_misc_feat_secret_circle, minmay_misc_feat_encased

Skill      XL: |  1  2  3  4  5 |
---------------+----------------+-----
Ranged Weapons | 3 4 5 |  5.6
Fighting       | 2 3 |  3.1
Armour         | 1 |  1.1
Dodging        | |  2.1
Spellcasting   | |  1.0
Hexes          | |  2.0

Action                     |  1- 3 |  4- 6 || total
---------------------------+-------+-------++-------
   Fire: Sling             |   108 |    77 ||   185
    Use: Scroll            |     4 |     3 ||     7
         Potion            |       |     1 ||     1
 Armour: Robe              |     3 |       ||     3
         Ring mail         |     1 |     4 ||     5
         Skin              |       |    33 ||    33
  Dodge: Dodged            |    14 |    26 ||    40

Table legend:
 A = Non-vault XP
 B = Vault XP
 C = Vault XP percentage of total XP
 D = Non-vault monster count
 E = Vault monster count
 F = Vault count percentage of total count
                 A         B        C        D         E       F
            +---------+---------+-------+---------+---------+-------
      Total |     223 |      73 |  24.7 |      72 |       2 |   2.7
            +---------+---------+-------+---------+---------+-------
        D:1 |      49 |       0 |   0.0 |      28 |       0 |   0.0
        D:2 |      52 |       0 |   0.0 |      24 |       0 |   0.0
        D:3 |      64 |      73 |  53.3 |      15 |       2 |  11.8
        D:4 |      58 |       0 |   0.0 |       5 |       0 |   0.0
            +---------+---------+-------+---------+---------+-------
